 Adventure DCSS version bcrawl-1.21.3-1-g0d72ed7573 (webtiles) character file.

Game seed: 8217830290731245082

196 raph the Bolt Thrower (level 6, 0/47 HPs)
             Began as a Human Wanderer on Apr 11, 2020.
             Was a Priest of Ru.
             Slain by a phantom (4 damage)
             ... on level 4 of the Dungeon.
             The game lasted 00:09:31 (4433 turns).

raph the Bolt Thrower (Human Wanderer)              Turns: 4433, Time: 00:09:32

Health: 0/47       AC:  5    Str: 14    XL:     6   Next: 4%
Magic:  6/6        EV: 12    Int: 13    God:    Ru [***...]
Gold:   275        SH:  0    Dex: 14    Spells: 5/5 levels left
                                        Lives:  0   Deaths: 2

rFire    . . .     SeeInvis .   a - +2 dagger
rCold    . . .     Gourm    .   (no shield)
rNeg     . . .     Faith    .   l - +0 ring mail
rPois    .         Spirit   .   (no helmet)
rElec    .         Reflect  .   (no cloak)
rCorr    .         Harm     .   (no gloves)
MR       .....                  (no boots)
Stlth    +.........             (no amulet)
HPRegen  0.15/turn              (no ring)
MPRegen  0.10/turn              t - +2 ring of intelligence

@: no status effects
A: no ice magic, no necromancy magic, no translocations magic, unskilled 1
a: Draw Out Power, Renounce Religion


You were on level 4 of the Dungeon.
You worshipped Ru.
Ru was most pleased with you.
You were not hungry.

You visited 1 branch of the dungeon, and saw 4 of its levels.

You collected 275 gold pieces.

Inventory:

Hand Weapons
 a - a +2 dagger (weapon)
 b - a +0 hand crossbow
 f - a +0 dagger
 p - a +1 mace of protection
 v - a +0 dagger of draining
Missiles
 d - 173 bolts
 h - 243 tomahawks (quivered)
Armour
 g - a +0 robe
 l - a +0 ring mail (worn)
Magical Staves
 k - an uncursed staff of wizardry
Jewellery
 t - a +2 ring of intelligence (right hand)
Scrolls
 i - 4 scrolls of remove curse
 m - a scroll of teleportation
 r - 2 scrolls of identify
 s - a scroll of magic mapping
Potions
 c - a potion of haste
 j - a potion of heal wounds
 n - 4 potions of curing
Comestibles
 e - 6 rations {!d}
 q - 4 chunks of flesh


   Skills:
 + Level 3.2 Fighting
 + Level 2.6(2.7) Short Blades
   Level 1.0(1.9) Long Blades
   Level 1.0 Bows
 + Level 3.5 Crossbows
 + Level 2.2 Throwing
 + Level 3.2 Armour
 + Level 3.2 Dodging
 + Level 1.4 Stealth


You had 5 spell levels left.
You didn't know any spells.
Your spell library was empty.

Dungeon Overview and Level Annotations

Branches:
Dungeon (4/12)
 Temple: D:4-7

Altars:
Ru
Trog

Annotations:
D:4 Dowan, Duvessa, Pikel, Sigmund


Innate Abilities, Weirdness & Mutations

You cannot study or cast Ice magic.
You cannot study or cast Necromancy magic.
You cannot study or cast Translocations magic.
You are somewhat unskilled. (-1 Apt)


Message History

Something hits you.
You closely miss something. You miss something. You closely miss something.
Something hits you!
You miss something.
You hear some strange, mumbled words.
A puff of flame appears from out of thin air!
The puff of flame hits you!
You hit something.
You hear some strange, mumbled words.
Something tries to affect you, but you resist.
You hit something. You barely miss something. Something hits you!
You redirect the phantom's attack!
You hit something. The phantom hits you.
* * * LOW HITPOINT WARNING * * *
Something hits you!
* * * LOW HITPOINT WARNING * * *
You closely miss something. The phantom hits you.
You die...

#.... .... #...# .
#....## ..##.....
........#
......{.##
#.....@.#
..##..##W.##
..##..###..#
.................##
................##
................#
...............###
.#...............#
............W.(###


You could see a phantom.

Vanquished Creatures
  2 ogres (D:3)
  A scorpion (D:3)
  A howler monkey (D:3)
  A crimson imp (D:3)
  A hound (D:4)
  An orc wizard (D:3)
  An iguana (D:4)
  A worker ant (D:4)
  An adder (D:3)
  An ooze (D:3)
  7 worms
  5 leopard geckos
  3 orcs (D:3)
  A ball python (D:3)
  13 bats
  2 giant cockroaches
  7 goblins
  6 hobgoblins
  8 jackals
  A quokka (D:2)
  4 frilled lizards
  5 kobolds
  5 rats
78 creatures vanquished.

Notes
Turn   | Place    | Note
-------+----------+-------------------------------------------
     0 | D:1      | raph the Human Wanderer began the quest for the Orb.
     0 | D:1      | raph set off with the following items: a +2 dagger, a
                  | potion of haste, a +0 hand crossbow, 121 bolts, a ration
                  | {!d}, a +0 dagger, a +0 robe, 79 tomahawks
     0 | D:1      | Reached XP level 1. HP: 16/16 MP: 1/1
   368 | D:1      | Reached XP level 2. HP: 8/22 MP: 2/2
  1709 | D:2      | Reached XP level 3. HP: 28/28 MP: 3/3
  1838 | D:2      | Found a faded altar of an unknown god.
  1848 | D:2      | Became a worshipper of Ru the Awakened
  1863 | D:2      | Gained mutation: You cannot study or cast Ice magic. [Ru
                  | sacrifice]
  1863 | D:2      | Gained mutation: You cannot study or cast Necromancy magic.
                  | [Ru sacrifice]
  1863 | D:2      | Gained mutation: You cannot study or cast Translocations
                  | magic. [Ru sacrifice]
  1863 | D:2      | Reached * piety under Ru
  2081 | D:2      | Reached skill level 1 in Short Blades
  2352 | D:2      | Reached XP level 4. HP: 19/34 MP: 4/4
  2508 | D:2      | Reached skill level 1 in Crossbows
  3027 | D:3      | Reached XP level 5. HP: 39/39 MP: 5/5
  3227 | D:3      | Reached XP level 6. HP: 47/47 MP: 6/6
  3763 | D:3      | Found a bloodstained altar of Trog.
  4008 | D:4      | Slain by an iguana
  4009 | D:4      | Reached XP level 5. HP: 0/41 MP: 5/5
  4013 | D:4      | Gained mutation: You are somewhat unskilled. (-1 Apt) [Ru
                  | sacrifice]
  4013 | D:4      | Reached ** piety under Ru
  4013 | D:4      | Reached *** piety under Ru
  4106 | D:4      | Reached XP level 6. HP: 47/47 MP: 6/6
  4107 | D:4      | Noticed Dowan
  4112 | D:4      | Noticed Pikel
  4112 | D:4      | Noticed a slave
  4112 | D:4      | Noticed a slave
  4113 | D:4      | Noticed Duvessa
  4174 | D:4      | Noticed an ogre
  4174 | D:4      | Noticed an ogre
  4174 | D:4      | Noticed a phantom
  4201 | D:3      | Killed an ogre
  4207 | D:3      | Killed an ogre
  4207 | D:3      | Reached XP level 7. HP: 24/52 MP: 7/7
  4376 | D:4      | HP: 1/52 [phantom (6)]
  4377 | D:4      | Slain by a phantom
  4378 | D:4      | Reached XP level 6. HP: -5/47 MP: 6/6
  4414 | D:4      | Noticed Sigmund
  4433 | D:4      | Slain by a phantom

Skill      XL: |  1  2  3  4  5  6 |
---------------+-------------------+-----
Short Blades   | 1 2 |  2.6
Crossbows      | 1 2 3 |  3.5
Armour         | 2 3 |  3.2
Dodging        | 3 3 |  3.2
Fighting       | 3 |  3.2
Long Blades    | |  1.0
Bows           | |  1.0
Throwing       | |  2.2
Stealth        | |  1.4

Action                   |  1- 3 |  4- 6 |  7- 9 || total
-------------------------+-------+-------+-------++-------
Melee: Dagger            |   119 |   214 |       ||   333
 Fire: Hand crossbow     |    24 |    59 |       ||    83
Throw: Tomahawk          |     3 |       |       ||     3
Invok: Sacrifice Arcana  |     1 |       |       ||     1
       Sacrifice Skill   |       |     1 |       ||     1
  Use: Scroll            |     1 |     8 |       ||     9
       Potion            |       |     2 |       ||     2
  Eat: Chunk             |     4 |     6 |       ||    10
Armor: Robe              |     2 |       |       ||     2
       Ring mail         |    53 |    80 |     6 ||   139
Dodge: Dodged            |   100 |   142 |     6 ||   248
